 Dungeon Sprint DCSS version 0.15-a0-1015-g702813b (webtiles) character file.

1150 MDvedh the Basher (level 8, -10/49 (52) HPs)
             Began as a Tengu Gladiator on May 26, 2014.
             Was a Priest of Vehumet.
             Killed from afar by a gargoyle (28 damage)
             ... with a stone arrow
             ... in the Dungeon (Sprint IX: "|||||||||||||||||||||||||||||").
             The game lasted 00:01:38 (434 turns).

MDvedh the Basher (Tengu Gladiator)                  Turns: 434, Time: 00:01:38

HP -10/49 (52)   AC  4     Str 26      XL: 8   Next: 38%
MP  14/22        EV 12     Int 11      God: Vehumet [***...]
Gold 0           SH  0     Dex 14      Spells:  1 memorised, 17 levels left

rFire  . . .     SeeInvis .     q - +2 morningstar of Integrity {freeze, rC+ Str+4}
rCold  + . .     Clarity  .     b - +0 leather armour
rNeg   . . .     Conserve .     (no shield)
rPois  .         rCorr    .     c - +0 hat
rElec  .         rRot     .     r - +0 cloak
SustAb .         Spirit   .     (no gloves)
rMut   .         Warding  .     (boots unavailable)
Gourm  .         NoTele   +     (no amulet)
MR     .....                    t - +3 ring of strength
                                s - +3 ring of strength

@: non-regenerating, diseased, very slightly contaminated, rotting, hasted, very
quick, not resistant to hostile enchantments, very unstealthy
A: able to fly, beak, talons 3
a: Fly, Renounce Religion


You were in the Dungeon.
You worshipped Vehumet.
Vehumet was most pleased with you.
You were not hungry.

You visited 1 branch

Inventory:

Hand weapons
 a - a +0,+0 flail
 q - the +2,+2 morningstar of Integrity (weapon) {freeze, rC+ Str+4}
   (You found it in the Dungeon)

   It has been specially enchanted to freeze those struck by it, causing extra
   injury to most foes and up to double damage against particularly susceptible
   opponents.
   It can also slow down cold-blooded creatures.
   It affects your strength (+4).
   It protects you from cold.
Missiles
 d - 3 throwing nets (quivered)
Armour
 b - a +0 leather armour (worn)
 c - a +0 hat (worn)
 r - a +0 cloak (worn)
Magical devices
 o - a wand of draining (7)
Comestibles
 f - a bread ration
Scrolls
 k - 2 scrolls of blinking
 m - 3 scrolls of remove curse
 n - 2 scrolls of amnesia
Jewellery
 s - a +3 ring of strength (left hand)
 t - a +3 ring of strength (right hand)
Potions
 e - a potion of invisibility
 g - 2 potions of heal wounds
 i - 4 potions of magic
 l - 4 potions of curing
Magical staves
 p - an uncursed staff of energy


   Skills:
 + Level 6.8 Fighting
 - Level 14.8 Maces & Flails
 - Level 2.1 Throwing
 - Level 3.2 Dodging
 + Level 5.9 Spellcasting
 + Level 8.5 Conjurations


You had 17 spell levels left.
You knew the following spells:

 Your Spells              Type           Power        Failure   Level  Hunger
a - Magic Dart            Conj           ###.         1%          1    None


Dungeon Overview and Level Annotations

Branches:
Dungeon (1/1)

Altars:
Cheibriados
Dithmenos
Elyvilon
Fedhas
Gozag
Kikubaaqudgha
Makhleb
Nemelex Xobeh
Okawaru
Qazlal
Sif Muna
Trog
Vehumet
Xom
Yredelemnul
Zin
The Shining One
Beogh
Jiyva
Lugonu


Innate Abilities, Weirdness & Mutations

You can fly.
You have a beak for a mouth.
You have claws for feet.


Message History

You claw the goliath beetle.
You peck the goliath beetle, but do no damage.
The goliath beetle is almost dead.
You impale the goliath beetle!! You freeze the goliath beetle.
You kill the goliath beetle!
Vehumet accepts your kill.
You feel your power returning.
The gargoyle hurls a stone arrow at you.
The stone arrow hits you!
You hit the gargoyle but do no damage. You claw the gargoyle.
Your peck misses the gargoyle.
The gargoyle is lightly damaged.
You hit the gargoyle but do no damage.
You claw the gargoyle, but do no damage.
Your peck misses the gargoyle.
The gargoyle is lightly damaged.
The gargoyle hurls a stone arrow at you.
The stone arrow hits you!
Ouch! That really hurt!
You die...

▓)▓
▓)▓
▓.▓
▓.▓
▓.▓
▓.▓
▓)▓
▓)▓
▓@▓
▓9▓
▓.▓
▓.▓
▓.▓
▓+▓


You could see a gargoyle.

Vanquished Creatures
  A hill giant (D)
  A deep elf mage (D)
  An ice beast (D)
  A necrophage (D)
  A black bear (D)
  A centaur (D)
  A scorpion (D)
  A goliath beetle (D)
  A black bear zombie (D)
  2 worker ants (D)
  2 adders (D)
  A worm zombie (D)
  A shadow imp (D)
  An orc (D)
  2 goblins (D)
  A hobgoblin (D)
  2 bats (D)
  An orc zombie (D)
  A rat zombie (D)
23 creatures vanquished.

Notes
Turn   | Place    | Note
--------------------------------------------------------------
     0 | D        | MDvedh, the Tengu Gladiator, began the quest for the Orb.
     0 | D        | Reached XP level 1. HP: 12/12 MP: 1/1
     6 | D        | Reached skill level 4 in Maces & Flails
    17 | D        | Reached skill level 5 in Maces & Flails
   111 | D        | Noticed a scorpion
   111 | D        | Noticed a worker ant
   111 | D        | Noticed a worker ant
   118 | D        | Killed a scorpion
   118 | D        | Reached skill level 8 in Maces & Flails
   118 | D        | Reached XP level 2. HP: 15/17 MP: 3/3
   118 | D        | Reached XP level 3. HP: 18/21 MP: 4/4
   120 | D        | Killed a worker ant
   120 | D        | Reached skill level 9 in Maces & Flails
   120 | D        | Reached XP level 4. HP: 19/26 MP: 5/5
   132 | D        | Reached skill level 10 in Maces & Flails
   134 | D        | Killed a worker ant
   134 | D        | Reached XP level 5. HP: 23/30 MP: 7/7
   208 | D        | Found a glowing silver altar of Zin.
   208 | D        | Found a glowing golden altar of the Shining One.
   208 | D        | Found an ancient bone altar of Kikubaaqudgha.
   208 | D        | Found a basalt altar of Yredelemnul.
   208 | D        | Found a shimmering altar of Xom.
   208 | D        | Found a radiant altar of Vehumet.
   208 | D        | Found an iron altar of Okawaru.
   209 | D        | Found a burning altar of Makhleb.
   210 | D        | Found a deep blue altar of Sif Muna.
   211 | D        | Found a bloodstained altar of Trog.
   212 | D        | Found a sparkling altar of Nemelex Xobeh.
   213 | D        | Found a white marble altar of Elyvilon.
   214 | D        | Found a roughly hewn altar of Beogh.
   215 | D        | Found a viscous altar of Jiyva.
   216 | D        | Became a worshipper of Vehumet
   217 | D        | Found a corrupted altar of Lugonu.
   218 | D        | Found a blossoming altar of Fedhas.
   219 | D        | Found a snail-covered altar of Cheibriados.
   220 | D        | Found a shadowy altar of Dithmenos.
   221 | D        | Found a stormy altar of Qazlal.
   222 | D        | Found an opulent altar of Gozag.
   241 | D        | Got the +2,+2 morningstar of Integrity {freeze, rC+ Str+4}
   255 | D        | Noticed a black bear
   255 | D        | Noticed a deep elf mage
   258 | D        | Killed a black bear
   258 | D        | Reached skill level 12 in Maces & Flails
   264 | D        | Killed a deep elf mage
   264 | D        | Reached skill level 14 in Maces & Flails
   264 | D        | Reached XP level 6. HP: 26/35 MP: 8/8
   265 | D        | Acquired Vehumet's first power
   265 | D        | Offered knowledge of Magic Dart by Vehumet.
   278 | D        | Learned a level 1 spell: Magic Dart
   414 | D        | Noticed a necrophage
   414 | D        | Noticed a hill giant
   414 | D        | Noticed a centaur
   414 | D        | Noticed an ice beast
   414 | D        | Noticed a goliath beetle
   414 | D        | Noticed a gargoyle
   418 | D        | Killed a necrophage
   418 | D        | Offered knowledge of Throw Frost by Vehumet.
   418 | D        | Reached XP level 7. HP: 32/40 MP: 9/14
   420 | D        | Killed a hill giant
   420 | D        | Acquired Vehumet's second power
   420 | D        | Reached skill level 5 in Spellcasting
   420 | D        | Reached XP level 8. HP: 35/50 MP: 9/21
   422 | D        | Killed a centaur
   426 | D        | Killed an ice beast
   431 | D        | Killed a goliath beetle
   434 | D        | Killed from afar by a gargoyle

Action                   |  1- 3 |  4- 6 |  7- 9 || total
-------------------------+-------+-------+-------++-------
Melee: Flail             |    18 |    12 |       ||    30
       Morningstar       |       |    19 |    13 ||    32
  Use: Potion            |       |     4 |       ||     4
